 Dungeon Crawl Stone Soup version 0.31-a0-185-g9dded2c639 (webtiles) character file.

Game seed: 12948311070642696822

25 qw the Shooter (level 2, -2/16 HPs)
             Began as a Deep Elf Hunter on June 22, 2023.
             Slain by an adder (3 damage)
             ... on level 2 of the Dungeon.
             The game lasted 00:00:16 (732 turns).

qw the Shooter (Deep Elf Hunter)                     Turns: 732, Time: 00:00:16

Health: -2/16      AC:  3    Str:  8    XL:     2   Next: 86%
Magic:  4/4        EV: 12    Int: 13    God:
Gold:   32         SH:  0    Dex: 18    Spells: 1/1 levels left

rFire   . . .        Y - +0 shortbow
rCold   . . .        (shield currently unavailable)
rNeg    . . .        c - +0 leather armour
rPois   .            (no helmet)
rElec   .            (no cloak)
rCorr   .            (no gloves)
SInv    .            (no boots)
Will    .....        e - amulet of regeneration
Stlth   ++           (no ring)
HPRegen 1.02/turn    (no ring)
MPRegen 0.09/turn

%: no passive effects
@: lethally poisoned (-2 -> -2)
A: no striking features
a: no special abilities


You were on level 2 of the Dungeon.
You visited 1 branch of the dungeon, and saw 2 of its levels.

You collected 32 gold pieces.


   Skills:
 - Level 1.5 Fighting
 + Level 6.5 Ranged Weapons
 - Level 2.4 Dodging
 - Level 1.2 Stealth


You had one spell level left.
You didn't know any spells.
Your spell library was empty.

Inventory:

Hand Weapons
 Y - a +0 shortbow (weapon)
Armour
 c - a +0 leather armour (worn)
Jewellery
 e - an amulet of regeneration (around neck)
Potions
 a - a potion of ambrosia {unknown}
 h - a potion of haste {unknown}

Dungeon Overview and Level Annotations

Branches:
Dungeon (2/15)

Altars:


Message History

You feel sick.
You hear a bark!
The jackal barely misses you. The adder barely misses you.
A jackal comes into view.
You shoot an arrow. The arrow closely misses the adder.
You feel sick.
You hear a bark!
The jackal bites you but does no damage.
The adder closely misses you.
A jackal comes into view.
You shoot an arrow. The arrow hits the adder.
The adder is lightly wounded.
You feel sick. The adder bites you but does no damage.
The jackal barely misses you. The jackal bites you.
The adder completely misses you. The jackal closely misses you.
You shoot an arrow. The arrow hits the adder.
The adder is moderately wounded.
You feel sick. The jackal closely misses you. The adder bites you.
You are more poisoned.
The adder poisons you!
The jackal bites you but does no damage.
You shoot an arrow. The arrow misses the adder.
The arrow hits the jackal.
The jackal is heavily wounded.
You feel sick. The jackal misses you. The adder barely misses you.
The jackal barely misses you.
The jackal bites you but does no damage.
The adder misses you.
You shoot an arrow. The arrow barely misses the adder.
The arrow barely misses the jackal.
You feel sick. The jackal misses you. The jackal barely misses you.
The adder bites you. The jackal closely misses you.
You shoot an arrow. The arrow misses the adder.
The arrow hits the jackal.
The jackal is severely wounded.
You feel sick. The jackal bites you. The adder bites you but does no damage.
The jackal misses you. The jackal barely misses you. The adder bites you.
The jackal bites you.
You shoot an arrow. The arrow hits the adder!
The adder is almost dead.
You feel sick.
The jackal barely misses you. x2; The adder bites you.
You die...

... #######...#
#.##### #...# .%...#
#...# .
#...#######...### ..#
#...##........... ...
#.[.............# #..
##..##.........<.
#..###%.#######...###
#hS@...# #...#
#.hh..## #...#
#.##### #...# #.
#.... # ..#


You could see an adder and 3 jackals.

Vanquished Creatures
  2 dart slugs (D:1)
  3 bats
  2 endoplasms (D:1)
  2 giant cockroaches
  2 goblins (D:1)
  2 hobgoblins (D:1)
  A jackal (D:2)
  A kobold (D:1)
  2 ball pythons (D:2)
  A frilled lizard (D:1)
  A rat (D:2)
19 creatures vanquished.

Notes
Turn   | Place    | Note
-------+----------+-------------------------------------------
     0 | D:1      | qw the Deep Elf Hunter began the quest for the Orb.
     0 | D:1      | Reached XP level 1. HP: 12/12 MP: 3/3
     0 | D:1      | 0 ||| qw: Version: 0.3-a-9-g12657ce
     0 | D:1      | 0 ||| qw: Game counter: 1776
     0 | D:1      | 0 ||| qw: Always use a shield: true
     0 | D:1      | 0 ||| qw: God list: Okawaru
     0 | D:1      | 0 ||| qw: Allow faded altars: false
     0 | D:1      | 0 ||| qw: Do Orc after D:15 true
     0 | D:1      | 0 ||| qw: Do second Lair branch before Depths: true
     0 | D:1      | 0 ||| qw: Lair rune preference: random
     0 | D:1      | 0 ||| qw: Plans: Normal
     0 | D:1      | 0 ||| PLANNING D:1-11
   136 | D:1      | Reached XP level 2. HP: 16/16 MP: 4/4
   200 | D:1      | Reached skill level 6 in Ranged Weapons
   500 | D:1      | 500 ||| UPGRADING to amulet of regeneration.
   505 | D:1      | 505 ||| READING scroll labelled FOLEUVAUWE.
   506 | D:1      | 506 ||| READING scroll labelled NUSMAU PITYE.
   507 | D:1      | 507 ||| READING scroll labelled CUTUM TOLLUN.
   508 | D:1      | 508 ||| DROPPING scroll of butterflies.
   510 | D:1      | 510 ||| Stepping ~*~*~tactically~*~*~ (cloud).
   731 | D:2      | HP: 3/16 [adder (2)]
   732 | D:2      | HP: 1/16 [poisoned by an adder]
   732 | D:2      | Slain by an adder

Levels and vault maps discovered:
D:1:      saegor_arrival_simple_c, layout_rooms, nicolae_eternal_life,
          amcnicky_mini_rare_corridor_liquid
D:2:      layout_loops_cross, ebering_ecumenical_altar_sacrificial

Skill      XL: |  1  2 |
---------------+-------+-----
Ranged Weapons | 6 |  6.5
Fighting       | |  1.5
Dodging        | |  2.4
Stealth        | |  1.2

Action                     || total
---------------------------++-------
   Fire: Shortbow          ||    51
    Use: Scroll            ||     3
 Armour: Leather armour    ||     9
  Dodge: Dodged            ||    37

Table legend:
 A = Non-vault XP
 B = Vault XP
 C = Vault XP percentage of total XP
 D = Non-vault monster count
 E = Vault monster count
 F = Vault count percentage of total count
                 A         B        C        D         E       F
            +---------+---------+-------+---------+---------+-------
      Total |      37 |       0 |   0.0 |      19 |       0 |   0.0
            +---------+---------+-------+---------+---------+-------
        D:1 |      27 |       0 |   0.0 |      12 |       0 |   0.0
        D:2 |      10 |       0 |   0.0 |       7 |       0 |   0.0
            +---------+---------+-------+---------+---------+-------
